AoeStats
← BigOleGiraffe

Arabia

509877140Analyzed
1v1 RM · 5d ago on Sep 28, 2026· 38m 49s· 2 players
Game mode
Random Map
Map size
Tiny (2 player)
Population
200
Speed
Normal
Resources
Standard
Victory
Conquest
Starting age
Dark Age
Ending age
Imperial Age
RankedLock teamsTeams togetherTeam positionsShared explorationLock speedFull tech treeHidden civsTurbo modeCheats
Victory
Defeat
🇨🇦 Persians · Canada
1128
+15
🇦🇷 Slavs · Argentina
1113
-15
HENDRIXarg2502
6:48 Loom
9:20 Feudal Age
10:28 Double-Bit Axe
18:44 Wheelbarrow
17:58 Horse Collar
21:17 Castle Age
19:54 Gold Mining
20:12 Scale Barding Armor
21:36 Fletching
21:57 Bloodlines
21:53 Padded Archer Armor
23:18 Bow Saw
25:03 Forging
25:09 Heavy Plow
30:37 Elite Skirmisher
32:48 Husbandry
36:09 Gold Shaft Mining
BigOleGiraffe
6:12 Loom
9:01 Feudal Age
10:02 Double-Bit Axe
14:24 Horse Collar
21:54 Castle Age
19:57 Gold Mining
21:37 Fletching
21:47 Padded Archer Armor
22:28 Thumb Ring
22:33 Bodkin Arrow
24:32 Parthian Tactics
24:24 Leather Archer Armor
28:09 Ballistics
31:38 Husbandry
31:48 Bloodlines
Connection lost

Rejoining the realm…

Still unreachable

The connection could not be restored.

Session expired

The server has moved on; the page needs a fresh start.